Map: King's Cove LE

Players

Mez - Winner!

  • Race: Terran Terran
  • League: Master
  • Spawn Location: 5:00

msR

  • Race: Protoss Protoss
  • League: Master
  • Spawn Location: 11:00

VOD

Have the link to the VOD?

Description

Time

  • Played on: Aug. 15, 2019, 5:18 p.m.
  • Length: 14:07
Show
View Real Time Build Order
Export as new Build Order

Mez Terran - Winner!

Build Orders: Reaper Expand 

Get SALT Encoding   

  12  0:00  SCV  
  13  0:13  SCV  
  14  0:18  Supply Depot  
  14  0:25  SCV  
  15  0:39  SCV  
  15  0:40  Barracks  
  16  0:47  Refinery  
  16  0:52  SCV  
  17  1:04  SCV  
  18  1:16  SCV  
  19  1:30  Reaper, Orbital Command  
  20  1:42  Command Center  
  20  1:53  Bunker  
  20  1:56  SCV  
  21  2:07  Barracks Reactor, Supply Depot  
  21  2:09  SCV  
  22  2:21  SCV  
  23  2:35  Command Center  
  24  2:37  SCV  
  24  2:45  Factory  
  24  2:50  SCV, Marine  
  26  2:51  Marine  
  27  2:58  Orbital Command  
  27  3:03  Refinery  
  27  3:07  SCV  
  28  3:14  Marine x2  
  29  3:24  SCV x2  
  31  3:31  Widow Mine  
  31  3:32  Marine x2  
  35  3:35  Starport  
  35  3:38  SCV x2  
  37  3:45  Refinery  
  37  3:48  Orbital Command  
  37  3:52  Marine x2  
  41  3:56  Widow Mine  
  41  3:58  SCV x2  
  43  4:10  SCV x2  
  43  4:15  Starport Tech Lab  
  45  4:17  Factory Tech Lab  
  45  4:21  SCV  
  45  4:22  SCV  
  47  4:24  SCV  
  47  4:27  Supply Depot  
  47  4:28  Marine x2  
  50  4:33  SCV  
  50  4:34  SCV  
  50  4:35  Raven  
  50  4:36  SCV  
  50  4:38  Siege Tank  
  59  4:45  SCV  
  59  4:49  Barracks  
  59  4:51  SCV x2  
  59  4:52  Barracks  
  61  4:58  SCV  
  62  5:03  SCV  
  62  5:05  SCV, Supply Depot x2  
  64  5:07  Refinery  
  64  5:10  SCV  
  64  5:13  Bunker  
  65  5:19  Marine x2  
  67  5:25  SCV x2  
  67  5:26  SCV  
  70  5:30  Starport Reactor  
  70  5:31  Supply Depot  
  70  5:37  Siege Tank, SCV x2  
  70  5:38  SCV  
  74  5:54  Marauder  
  71  6:00  SCV x2  
  71  6:01  SCV  
  71  6:02  Barracks  
  71  6:03  Barracks, Barracks Tech Lab  
  74  6:09  Siege Tank  
  74  6:15  SCV x3  
  74  6:16  Marauder  
  77  6:29  Marine x2, Marauder, Supply Depot  
  77  6:31  Stimpack, Medivac, Supply Depot  
  77  6:32  Medivac  
  84  6:33  Combat Shield  
  84  6:39  Engineering Bay  
  84  6:42  Engineering Bay  
  84  6:48  SCV  
  84  6:51  Siege Tank, SCV x2, Marauder  
  92  6:55  Marine x2, Marauder  
  92  7:00  SCV  
  97  7:03  SCV  
  97  7:05  Barracks  
  97  7:06  Barracks, Supply Depot  
  95  7:13  Marauder  
  96  7:16  Orbital Command  
  96  7:25  Marine x2  
  96  7:26  Marauder  
  96  7:28  Siege Tank  
  96  7:29  Medivac x2  
  107  7:34  Marauder  
  109  7:57  Supply Depot  
  109  7:58  Supply Depot  
  109  8:00  Supply Depot  
  109  8:03  SCV x2, Supply Depot  
  109  8:14  Terran Infantry Armor Level 1, Terran Infantry Weapons Level 1  
  109  8:15  Barracks Reactor, Barracks Tech Lab  
  109  8:16  Concussive Shells  
  109  8:18  Marine x2  
  109  8:19  SCV x2, Marauder x2, Medivac x2  
  125  8:20  Siege Tank, SCV  
  125  8:21  Supply Depot  
  125  8:26  Refinery  
  125  8:31  SCV x2  
  125  8:32  SCV  
  128  8:36  Marine  
  128  8:38  Supply Depot  
  128  8:40  Marauder x2  
  133  8:43  SCV  
  128  8:55  Marine x4  
  126  8:56  Siege Tank, Marauder  
  126  8:58  SCV x3  
  126  9:00  Ghost Academy  
  126  9:02  Marauder  
  107  9:18  Liberator x2  
  107  9:23  Marine x4, Marauder x3  
  117  9:27  SCV x2  
  117  9:28  SCV  
  117  9:29  Barracks  
  117  9:30  Barracks  
  117  9:31  Barracks  
  123  9:41  Marine x2  
  123  9:43  Command Center  
  123  9:44  Marauder x2  
  130  9:46  Refinery, Supply Depot  
  130  9:47  Marine  
  130  9:48  Marauder  
  131  9:57  Marine  
  131  9:58  Marine  
  133  10:01  Armory  
  133  10:03  Liberator x2  
  133  10:05  Ghost x2  
  137  10:08  Ghost  
  132  10:25  Marine, Barracks Tech Lab  
  132  10:26  Marine x2, Barracks Tech Lab  
  132  10:27  Marine, Barracks Tech Lab  
  136  10:34  Marine  
  137  10:46  Liberator x2  
  137  10:48  Marine x3  
  137  10:49  Marine  
  147  10:50  Marine, Marauder x4  
  147  10:52  Marine  
  151  11:01  Refinery  
  157  11:06  Marine x3  
  157  11:08  Marauder  
  157  11:10  Marauder  
  164  11:11  Refinery  
  164  11:12  Marine x5  
  169  11:24  Marine  
  165  11:29  Liberator  
  151  11:45  Marauder  
  151  11:46  Marine x4, Marauder x5, Liberator  
  144  12:03  Marine  
  144  12:04  Marine x3  
  144  12:06  Planetary Fortress  
  144  12:07  Marauder x4, Starport  
  144  12:08  Marauder x2, Factory Reactor  
  155  12:09  Command Center  
  154  12:25  Liberator  
  154  12:28  Liberator  
  154  12:31  Fusion Core  
  154  12:39  Marine x2, Marauder x3  
  154  12:40  Marine x2, Marauder x3  
  173  12:45  Starport Tech Lab  
  173  12:48  Starport  
  171  12:57  Marine  
  170  13:00  Ghost x3  
  170  13:17  Ghost x3  
  170  13:18  Marine x4  
  180  13:29  Marine  
Show
View Real Time Build Order
Export as new Build Order

msR Protoss 

Build Orders: 1 Gate Expand, Blink Stalkers 

Get SALT Encoding   

  12  0:00  Probe  
  13  0:12  Probe  
  14  0:19  Pylon  
  14  0:25  Probe  
  15  0:35  Probe  
  15  0:39  Gateway  
  16  0:43  Probe  
  16  0:48  Assimilator  
  17  0:52  Probe  
  18  1:04  Probe  
  19  1:23  Nexus  
  19  1:33  Cybernetics Core  
  19  1:36  Probe  
  20  1:41  Assimilator  
  20  1:48  Probe  
  21  1:55  Pylon  
  21  2:00  Probe  
  22  2:03  Adept  
  22  2:11  Warp Gate  
  22  2:15  Probe  
  25  2:26  Probe  
  26  2:33  Stalker, Probe  
  26  2:34  Probe  
  29  2:42  Probe x2  
  32  2:52  Probe  
  32  2:53  Probe  
  32  2:56  Twilight Council  
  34  3:03  Blink  
  34  3:04  Probe  
  36  3:05  Probe  
  36  3:08  Sentry  
  38  3:16  Probe  
  38  3:17  Probe  
  40  3:32  Probe x2  
  42  3:36  Robotics Facility  
  42  3:41  Gateway  
  42  3:43  Gateway  
  42  3:44  Probe  
  42  3:47  Probe, Shield Battery  
  44  3:51  Pylon  
  44  3:56  Probe  
  45  4:06  Pylon  
  45  4:10  Stalker  
  45  4:12  Pylon  
  47  4:20  Probe x2  
  47  4:22  Gateway  
  49  4:25  Gateway  
  49  4:28  Gateway  
  49  4:31  Observer  
  50  4:37  Stalker x2  
  50  4:38  Stalker  
  56  4:49  Shield Battery  
  56  4:52  Forge, Observer  
  57  4:53  Shield Battery  
  57  4:59  Pylon  
  57  5:01  Stalker x2  
  57  5:04  Stalker  
  63  5:11  Probe x2  
  65  5:20  Stalker  
  67  5:22  Charge  
  67  5:26  Zealot x4  
  75  5:31  Assimilator  
  75  5:32  Assimilator  
  69  6:09  Probe  
  69  6:10  Probe  
  69  6:11  Zealot x4  
  69  6:15  Protoss Ground Weapons Level 1  
  77  6:21  Probe  
  78  6:30  Pylon  
  78  6:33  Pylon  
  78  6:34  Nexus  
  78  6:35  Gateway  
  78  6:37  Gateway  
  78  6:48  Probe  
  78  6:49  Immortal  
  78  6:53  Probe  
  84  6:55  Zealot x4  
  84  6:58  Pylon  
  84  7:00  Probe  
  93  7:05  Probe  
  94  7:19  Probe x2  
  94  7:22  Immortal  
  94  7:26  Shield Battery  
  94  7:29  Shield Battery  
  94  7:31  Probe x2  
  94  7:36  Templar Archives  
  100  7:43  Probe x2  
  102  7:47  Pylon  
  102  7:48  Photon Cannon  
  102  7:51  Immortal  
  102  7:56  Probe x3  
  105  8:00  Psionic Storm  
  107  8:07  Stalker x3  
  107  8:08  Observer  
  107  8:09  Stalker  
  115  8:15  Protoss Ground Armor Level 1  
  115  8:18  Probe x3  
  118  8:23  High Templar x3  
  96  8:55  Zealot  
  96  8:56  Zealot x7  
  82  9:17  Probe x3  
  82  9:19  Stalker x3  
  82  9:20  Stalker x5  
  95  9:37  Probe x2  
  95  9:39  Assimilator  
  95  9:41  Assimilator  
  95  9:45  High Templar x3  
  101  9:47  Zealot x4  
  101  9:48  Zealot  
  101  9:51  Nexus, Pylon  
  89  10:26  Zealot  
  89  10:27  Zealot x7  
  105  10:31  Gateway  
  105  10:32  Gateway x2  
  105  10:34  Gateway  
  105  10:35  Gateway  
  105  10:36  Probe, Pylon  
  105  10:37  Probe x2  
  105  10:38  Pylon  
  108  10:44  Protoss Ground Weapons Level 2  
  108  10:47  High Templar x3  
  108  10:49  Stalker x2  
  118  10:50  Stalker, Zealot x2  
  118  10:53  Probe x3  
  127  11:08  Forge  
  127  11:12  Stalker x3  
  127  11:16  Zealot  
  113  11:38  Zealot x5  
  113  11:39  Zealot x4  
  127  11:41  Archon  
  127  11:42  Archon  
  99  11:59  Zealot x6  
  107  12:06  High Templar x6  
  107  12:07  High Templar  
  111  12:24  Stalker, Zealot x5  
  123  12:37  Stalker x2  
  123  12:38  Stalker  
  123  12:40  Zealot x2  
  131  13:06  Zealot x10  
  149  13:13  Immortal  
  149  13:24  Robotics Facility  
  149  13:26  High Templar x2, Robotics Facility  
  157  13:29  Zealot x2  
  158  13:38  Stalker x2  
Tags
 
Add a new tag
Caveats
  • Supply blocks, unpowered buildings, or Contaminate may cause inaccurate times.
  • Supply counts are checked every 10 seconds.